 Dungeon Crawl Stone Soup version 0.31-a0-1165-g196b491b36 (webtiles) character file.

Game seed: 15757446156378227914

825 DApurpleWHUMPUS the Ogre Mage (level 7, -3/74 HPs)
             Began as an Ogre Fire Elementalist on Dec 9, 2023.
             Shot with an arrow by a centaur (10 damage)
             ... on level 5 of the Dungeon.
             The game lasted 00:13:59 (5209 turns).

DApurpleWHUMPUS the Ogre Mage (OgFE)                Turns: 5209, Time: 00:14:00

Health: -3/74      AC:  1    Str: 13    XL:     7   Next: 96%
Magic:  4/17       EV:  9    Int: 18    God:
Gold:   159        SH:  0    Dex:  9    Spells: 17/20 levels left

rFire   + . .        c - +4 trident
rCold   . . .        (no shield)
rNeg    . . .        a - +0 robe
rPois   +            b - +2 hat {Stlth+}
rElec   .            (no cloak)
rCorr   .            (gloves unavailable)
SInv    .            (boots unavailable)
Will    .....        (no amulet)
Stlth   ++           m - ring of protection from fire
HPRegen 0.32/turn    r - ring of poison resistance
MPRegen 0.15/turn

%: no passive effects
@: about to teleport, corroded
A: large, unfitting armour, tough skin 1
a: no special abilities


You were on level 5 of the Dungeon.
You visited 1 branch of the dungeon, and saw 5 of its levels.
You also visited: Ossuary.

You collected 225 gold pieces.
You spent 66 gold pieces at shops.

Inventory:

Hand Weapons
 c - a +4 trident (weapon)
 e - a +0 hand axe of freezing
 k - a +0 scimitar
Armour
 a - a +0 robe (worn)
 b - a +2 hat of stealth (worn)
Jewellery
 m - a ring of protection from fire (left hand)
 p - a ring of flight
 r - a ring of poison resistance (right hand)
 y - a +6 ring of intelligence
Talismans
 v - a dragon-blood talisman
Wands
 o - a wand of charming (6)
Scrolls
 d - a scroll of poison {unknown}
 f - 3 scrolls of identify
 h - a scroll of amnesia {unknown}
 i - a scroll of enchant armour {unknown}
 j - a scroll of fog {unknown}
 l - a scroll of torment {unknown}
 n - a scroll of blinking {unknown}
 w - 2 scrolls of noise {unknown}
 x - 2 scrolls of teleportation
Potions
 g - a potion of degeneration {unknown}
 q - 2 potions of attraction
 s - 3 potions of curing
 t - 2 potions of might
 u - a potion of enlightenment


   Skills:
 + Level 5.9 Fighting
 - Level 1.8 Dodging
 - Level 1.4 Stealth
 + Level 7.4 Spellcasting
 - Level 1.0 Conjurations
 * Level 3.9 Fire Magic


You had 17 spell levels left.
You knew the following spells:

 Your Spells              Type           Power      Damage    Failure   Level
a - Foxfire               Conj/Fire      60%        2x1d7     3%          1
b - Scorch                Fire           40%        2d6       3%          2

Your spell library contained the following spells:

 Spells                   Type           Power      Damage    Failure   Level
 Inner Flame              Hex/Fire       13%        N/A       14%         3
 Volatile Blastmotes      Fire/Tloc      26%        2d12      14%         3
 Lesser Beckoning         Tloc           12%        N/A       16%         2
 Gell's Gravitas          Tloc           6%         N/A       30%         3
 Teleport Other           Tloc           6%         N/A       30%         3
 Flame Wave               Conj/Fire      15%        2d7       36%         4
 Sticky Flame             Conj/Fire      15%        2d4       36%         4


Dungeon Overview and Level Annotations

Branches:
Dungeon (5/15)            Ossuary (visited)
 Temple: D:4-7

Altars:
Hepliaklqana
Nemelex Xobeh

Shops:
D:4 ?

Annotations:
D:3 1 transporter


Innate Abilities, Weirdness & Mutations

You are too large for most types of armour.
You have tough skin. (AC +1)


Message History

Casting: Scorch (safe; 3% risk of failure)
Confirm with . or Enter, or press ? or * to list all spells.
You conjure some foxfire!
The gnoll sergeant hits you from afar with a +0 trident.
You hit the jelly. The acid corrodes you!
Your hands burn!
Your punch misses the jelly.
The jelly is heavily wounded.
The gnoll sergeant is no longer more vulnerable to fire.
The foxfire hits the jelly!
The jelly is burned terribly!
You kill the jelly!
The foxfire hits the gnoll sergeant but does no damage.
The gnoll sergeant is moderately wounded.
The gnoll sergeant hits you from afar with a +0 trident!
Casting: Foxfire (safe; 3% risk of failure)
Confirm with . or Enter, or press ? or * to list all spells.
You conjure some foxfire!
The gnoll sergeant hits you from afar with a +0 trident!
The foxfire hits the gnoll sergeant.
The gnoll sergeant is moderately wounded.
The foxfire hits the gnoll sergeant but does no damage.
The gnoll sergeant is moderately wounded.
The gnoll sergeant hits you with a +0 trident!
Casting: Foxfire (safe; 3% risk of failure)
Confirm with . or Enter, or press ? or * to list all spells.
You don't know that spell.
The gnoll sergeant hits you from afar with a +0 trident!
* * * LOW HITPOINT WARNING * * *
Casting: Foxfire (safe; 3% risk of failure)
Confirm with . or Enter, or press ? or * to list all spells.
Flames lash the gnoll sergeant.
The gnoll sergeant is heavily wounded.
The gnoll sergeant's fire resistance burns away.
The gnoll sergeant hits you from afar with a +0 trident!
* * * LOW HITPOINT WARNING * * *
A centaur comes into view.
Okay, then.
As you read the scroll of teleportation, it crumbles to dust.
You feel strangely unstable.
The centaur wields a +0 shortbow.
The centaur shoots an arrow.
The arrow hits you!
You die...

#...$....#
##.$......##
##..........#
#............
#............
#....>.......
#............
##...........
##..@.g......
##.##......... #
##.####........
###########.##
####.....
........##...##
.=.c.
#####.........##
....
#####......#
.... #.......#
#.......##


You could see a gnoll sergeant (combustible) and a centaur.

Vanquished Creatures
  An ice beast (D:4)
  2 elf zombies (Ossuary)
  2 scorpions
  2 human zombies (Ossuary)
  A jelly (D:5)
  2 orc priests (D:3)
  2 hounds (D:5)
  A sleepcap (D:4)
  2 mummies (Ossuary)
  4 gnolls (D:3)
  6 adders
  A shadow imp (D:5)
  An adder zombie (Ossuary)
  5 worms (D:2)
  A dart slug (D:2)
  7 orcs
  4 ball pythons
  6 endoplasms
  7 giant cockroaches
  6 goblins
  8 hobgoblins
  4 kobolds
  3 quokkas
  2 bats
  3 frilled lizards
  A goblin zombie (Ossuary)
  11 hobgoblin zombies (Ossuary)
  A jackal zombie (Ossuary)
  14 kobold zombies (Ossuary)
  5 orc zombies (Ossuary)
  3 rats
118 creatures vanquished.

Vanquished Creatures (collateral kills)
  A kobold (D:3)
  A frilled lizard (D:3)
2 creatures vanquished.

Vanquished Creatures (others)
  406 foxfires
406 creatures vanquished.

Grand Total: 526 creatures vanquished

Notes
Turn   | Place    | Note
-------+----------+-------------------------------------------
     0 | D:1      | DApurpleWHUMPUS the Ogre Fire Elementalist began the quest
                  | for the Orb.
     0 | D:1      | Reached XP level 1. HP: 16/16 MP: 3/3
    25 | D:1      | Reached skill level 1 in Conjurations
   231 | D:1      | Reached XP level 2. HP: 24/24 MP: 3/5
   274 | D:1      | Reached skill level 3 in Spellcasting
   461 | D:1      | Reached skill level 1 in Fighting
   711 | D:1      | Reached XP level 3. HP: 33/33 MP: 5/7
   981 | D:2      | Reached skill level 4 in Spellcasting
  1042 | D:2      | Reached XP level 4. HP: 41/44 MP: 6/10
  2087 | D:3      | Reached XP level 5. HP: 22/53 MP: 0/12
  2291 | D:3      | Reached skill level 5 in Spellcasting
  2392 | D:3      | Learned a level 2 spell: Scorch
  2496 | D:3      | Reached XP level 6. HP: 25/62 MP: 6/14
  2864 | D:3      | Found a sparkling altar of Nemelex Xobeh.
  2864 | D:3      | Found a transporter.
  3004 | D:4      | Found a sand-covered staircase.
  3009 | Ossuary  | Entered an ossuary
  3019 | Ossuary  | Reached skill level 6 in Spellcasting
  3431 | Ossuary  | Reached XP level 7. HP: 49/71 MP: 2/17
  3548 | Ossuary  | Reached skill level 5 in Fighting
  3589 | Ossuary  | Reached skill level 7 in Spellcasting
  3650 | Ossuary  | Identified a scroll of acquirement
  3650 | Ossuary  | Acquired a +2 hat of stealth
  4505 | D:4      | Found Filaschor's Magic Scroll Shoppe.
  4509 | D:4      | Bought a scroll of teleportation for 33 gold pieces
  4509 | D:4      | Bought a scroll of teleportation for 33 gold pieces
  4820 | D:4      | Found a hazy altar of Hepliaklqana.
  5052 | D:5      | Entered Level 5 of the Dungeon
  5209 | D:5      | Shot with an arrow by a centaur

Illustrated notes

Levels and vault maps discovered:
D:1:      wander_arrival_peaceful_grave, layout_rooms
D:2:      layout_basic
D:3:      layout_rooms, grunt_nemelex_the_gamble
D:4:      layout_basic, nicolae_hepliaklqana_hippocampus, serial_shops,
          nicolae_shop_advertising_works [nicolae_subvault_shop_adworks],
          nicolae_ossuary_entry_plus, nrook_loot_triangle
D:5:      layout_cave_pods, hangedman_feature_mirror, minmay_misc_feat_cross,
          grunt_decor_cap

Skill      XL: |  1  2  3  4  5  6  7 |
---------------+----------------------+-----
Conjurations   | 1 |  1.0
Spellcasting   | 3 4 5 6 7 |  7.4
Fighting       | 1 2 3 4 5 |  5.9
Fire Magic     | 3 |  3.9
Dodging        | |  1.8
Stealth        | |  1.4

Action                     |  1- 3 |  4- 6 |  7- 9 || total
---------------------------+-------+-------+-------++-------
  Melee: Unarmed           |    26 |       |       ||    26
         Hand axe          |    31 |    42 |       ||    73
         Trident           |       |    19 |    45 ||    64
   Cast: Foxfire           |    47 |   116 |    73 ||   236
         Scorch            |       |    17 |    20 ||    37
    Use: Potion            |       |     8 |       ||     8
         Scroll            |       |     3 |     2 ||     5
 Armour: Robe              |    61 |    97 |    69 ||   227
  Dodge: Dodged            |    51 |    71 |    28 ||   150

Table legend: (Time is in decaauts)
 A = Elapsed time spent in this place.
 B = Non-inter-level travel time spent in this place.
 C = Inter-level travel time spent in this place.
 D = Time resting spent in this place.
 E = Time spent auto-exploring this place.
 F = Levels seen in this place.
 G = Mean time per level.
                   A        B        C        D        E       F      G
               +--------+--------+--------+--------+--------+-----+--------+
         Total |   5230 |   5151 |     79 |    807 |   3268 |   6 |  871.7 |
       Dungeon |   4388 |   4309 |     79 |    680 |   2881 |   5 |  877.6 |
       Ossuary |    842 |    842 |      0 |    127 |    387 |   1 |  842.0 |
               +--------+--------+--------+--------+--------+-----+--------+

Top non-repeatable levels by time:
     D:2: 1282 daAuts
     D:4: 1263 daAuts
     D:3: 925 daAuts
 Ossuary: 842 daAuts
     D:1: 759 daAuts
     D:5: 157 daAuts
